 Dungeon Crawl Stone Soup version 0.24-a0-378-g94936e539c (webtiles) character file.

Game seed: 10908036384163009921

117 Zoophyte the Chopper (level 5, -4/47 HPs)
             Began as a Hill Orc Berserker on June 1, 2019.
             Was a Believer of Trog.
             Slain by a gnoll
             ... wielding a +0 halberd
              (9 damage)
             ... on level 4 of the Dungeon.
             The game lasted 00:32:33 (3611 turns).

Zoophyte the Chopper (Hill Orc Berserker)           Turns: 3611, Time: 00:32:34

Health: -4/47      AC:  5    Str: 21    XL:     5   Next: 1%
Magic:  5/5        EV: 11    Int:  7    God:    Trog [**....]
Gold:   190        SH:  0    Dex: 10    Spells: 4/4 levels left

rFire    . . .     SeeInvis .   a - +0 hand axe
rCold    . . .     Gourm    .   (no shield)
rNeg     . . .     Faith    .   e - +0 ring mail
rPois    .         Spirit   .   (no helmet)
rElec    .         Reflect  .   (no cloak)
rCorr    .         Harm     .   (no gloves)
MR       .....                  (no boots)
Stlth    ..........             (no amulet)
HPRegen  0.15/turn              (no ring)
MPRegen  0.09/turn              (no ring)

@: no status effects
A: no striking features
a: Berserk, Trog's Hand, Renounce Religion


You were on level 4 of the Dungeon.
You worshipped Trog.
Trog was pleased with you.
You were not hungry.

You visited 1 branch of the dungeon, and saw 5 of its levels.

You collected 190 gold pieces.

Inventory:

Hand Weapons
 a - a +0 hand axe (weapon)
 l - a cursed +0 hand axe
Armour
 b - a +0 animal skin
 e - a +0 ring mail (worn)
Jewellery
 i - an uncursed amulet of guardian spirit {unknown}
 s - a +5 ring of evasion {unknown}
 t - an uncursed ring of protection from magic {unknown}
Scrolls
 d - 4 scrolls of identify {unknown}
 f - 4 scrolls of enchant armour {unknown}
 g - 4 scrolls of noise {unknown}
 h - 2 scrolls of teleportation {unknown}
 k - a scroll of fear {unknown}
 n - a scroll of amnesia {unknown}
 o - a scroll of remove curse {unknown}
 v - a scroll of random uselessness {unknown}
Potions
 j - a potion of haste {unknown}
 m - a potion of flight {unknown}
 p - a potion of resistance {unknown}
 q - a potion of curing {unknown}
 r - a potion of mutation {unknown}
 u - a potion of brilliance {unknown}
Comestibles
 c - 4 rations


   Skills:
 + Level 4.9 Fighting
 + Level 5.3 Axes
 + Level 3.5 Armour
 - Level 1.5 Dodging


You had 4 spell levels left.
You didn't know any spells.
Your spell library was empty.

Dungeon Overview and Level Annotations

Branches:
Dungeon (5/15)
 Temple: D:4-7

Altars:
Nemelex Xobeh


Message History

The gnoll completely misses you.
You closely miss the gnoll.
The gnoll hits you from afar with a +0 spear.
The gnoll barely misses you.
You hit the gnoll.
The gnoll is lightly wounded.
The gnoll closely misses you.
You barely miss the gnoll.
The gnoll is lightly wounded.
The gnoll hits you but does no damage. The gnoll barely misses you.
You closely miss the gnoll.
The gnoll is lightly wounded.
The gnoll hits you with a +0 halberd! The gnoll misses you.
You hit the gnoll.
The gnoll is moderately wounded.
The gnoll hits you from afar with a +0 spear.
The gnoll hits you with a +0 halberd!
* * * LOW HITPOINT WARNING * * *
The gnoll hits you from afar with a +0 halberd!
You die...

##...#..###..# #.
#.###..## ##.# ##.
### ##.#####.# #..
#.......####.#
#.#......##.##
####.######..###.
#.#.## ##.###...
###.g.# ##..'.....
#.@.#.# ##...###...
#.###..##......###.
## .............#
.....g.......##
##...g........#
#.............
#......#..<.##
....###....## ...#
##...#


You could see a gnoll.

Vanquished Creatures
  An orc wizard (D:3)
  2 gnolls (D:3)
  An adder (D:3)
  A dart slug (D:2)
  5 worms
  4 orcs
  3 giant cockroaches
  3 goblins
  3 hobgoblins
  5 kobolds
  3 quokkas
  A ball python (D:2)
  8 bats
  4 frilled lizards
  2 rats (D:1)
46 creatures vanquished.

Notes
Turn   | Place    | Note
-------+----------+-------------------------------------------
     0 | D:1      | Zoophyte the Hill Orc Berserker began the quest for the
                  | Orb.
     0 | D:1      | Reached XP level 1. HP: 19/19 MP: 1/1
   507 | D:1      | Reached XP level 2. HP: 27/27 MP: 2/2
  1254 | D:2      | Reached XP level 3. HP: 33/33 MP: 3/3
  1754 | D:3      | Reached XP level 4. HP: 15/41 MP: 4/4
  1758 | D:3      | Reached skill level 5 in Axes
  2602 | D:3      | Reached ** piety under Trog
  2756 | D:3      | Found a sparkling altar of Nemelex Xobeh.
  3147 | D:5      | Entered Level 5 of the Dungeon
  3329 | D:4      | Reached XP level 5. HP: 29/47 MP: 5/5
  3611 | D:4      | Slain by a gnoll

Levels and vault maps discovered:
D:1:      minmay_arrival_doors, layout_basic
D:2:      layout_loops_ring
D:3:      layout_loops_cross, nemelex_xobeh_ov_fountains_minmay
D:4:      layout_layer_cave, nicolae_overflow_hidden_temple,
          minmay_overflow_temple_star_quad, hangedman_decor_growths
D:5:      layout_loops_corners, minmay_temple_entry_enclosed_plants,
          first_ration

Skill      XL: |  1  2  3  4 |
---------------+-------------+-----
Fighting       | 4 |  4.9
Armour         | 3 |  3.5
Axes           | 5 |  5.3
Dodging        | |  1.5

Action                   |  1- 3 |  4- 6 || total
-------------------------+-------+-------++-------
Melee: Hand axe          |    72 |    95 ||   167
Invok: Berserk           |     1 |     2 ||     3
  Eat: Chunk             |     3 |     6 ||     9
       Ration            |       |     1 ||     1
Armor: Ring mail         |    28 |    27 ||    55
Dodge: Dodged            |    44 |    62 ||   106

Table legend:
 A = Non-vault XP
 B = Vault XP
 C = Vault XP percentage of total XP
 D = Non-vault monster count
 E = Vault monster count
 F = Vault count percentage of total count
                 A         B        C        D         E       F
            +---------+---------+-------+---------+---------+-------
      Total |     168 |       0 |   0.0 |      46 |       0 |   0.0
            +---------+---------+-------+---------+---------+-------
        D:1 |      12 |       0 |   0.0 |       8 |       0 |   0.0
        D:2 |      27 |       0 |   0.0 |      14 |       0 |   0.0
        D:3 |     117 |       0 |   0.0 |      20 |       0 |   0.0
        D:4 |      12 |       0 |   0.0 |       4 |       0 |   0.0
            +---------+---------+-------+---------+---------+-------
